 Dungeon Crawl Stone Soup version 0.19.1 (webtiles) character file.

427 glosham the Ruffian (level 6, -11/59 HPs)
             Began as a Troll Berserker on Nov 30, 2016.
             Was a Believer of Trog.
             Mangled by an iguana (14 damage)
             ... on level 7 of the Dungeon.
             The game lasted 00:08:39 (314 turns).

glosham the Ruffian (Troll Berserker)                Turns: 314, Time: 00:08:39

Health: -11/59     AC:  6    Str: 26    XL:     6   Next: 65%
Magic:  5/5        EV:  7    Int:  3    God:    Trog [**....]
Gold:   29         SH:  7    Dex: 11    Spells: 0 memorised, 5 levels left

rFire  . . .     SeeInvis .       - Unarmed
rCold  . . .     Gourm    +     a - +0 animal skin
rNeg   . . .     Faith    .     Z - +0 shield
rPois  .         Spirit   .     (helmet restricted)
rElec  .         Reflect  .     Y - +0 cloak
rCorr  .         Harm     .     (gloves unavailable)
MR     .....                    (boots unavailable)
Stlth  +.........               (no amulet)
                                (no ring)
                                (no ring)

@: no status effects
A: unfitting armour, claws 3, fast metabolism 3, gourmand, regeneration 1,
shaggy fur 1, tough skin 2
a: Berserk, Trog's Hand, Burn Spellbooks, Renounce Religion


You were on level 7 of the Dungeon.
You worshipped Trog.
Trog was pleased with you.
You were very full.

You visited 1 branch of the dungeon, and saw 6 of its levels.

You collected 29 gold pieces.

Inventory:

Armour
 a - a +0 animal skin (worn)
 Y - a +0 cloak (worn)
 Z - a +0 shield (worn)
Scrolls
 d - a scroll of recharging
Potions
 c - a potion of mutation {unknown}
 e - 2 potions of haste {unknown}
 g - a potion of lignification {unknown}
 h - a potion of might {unknown}
Comestibles
 b - 2 bread rations
 f - a slice of pizza


   Skills:
 - Level 2.4 Fighting
 - Level 2.4 Dodging
 * Level 7.6 Unarmed Combat


You had 5 spell levels left.
You didn't know any spells.

Dungeon Overview and Level Annotations

Branches:
Dungeon (7/15)
 Temple: D:4-7

Altars:


Innate Abilities, Weirdness & Mutations

You are too large for most types of armour.
You have claws for hands.
Your metabolism is lightning-fast.
You like to eat raw meat.
Your natural rate of healing is unusually fast.
You are covered in fur. (AC +1)
You have very tough skin. (AC +2)


Message History

The iguana bites you!
Unknown command.
You claw the howler monkey!
You kill the howler monkey!
Trog accepts your kill.
The bullfrog hits you. x2; You block the iguana's attack.
You barely miss the bullfrog.
The bullfrog hits you but does no damage.
The iguana bites you.
Your shield prevents you from hitting the bullfrog.
The bullfrog hits you. You block the bullfrog's attack. The iguana bites you.
You claw the bullfrog!
The bullfrog is heavily wounded.
The bullfrog barely misses you. The iguana bites you.
* * * LOW HITPOINT WARNING * * *
You claw the bullfrog!
The bullfrog is almost dead.
The bullfrog closely misses you. You block the bullfrog's attack.
The iguana closely misses you.
You miss the bullfrog.
The bullfrog is almost dead.
You block the bullfrog's attack. You block the iguana's attack.
You closely miss the bullfrog.
The bullfrog is almost dead.
The bullfrog hits you.
* * * LOW HITPOINT WARNING * * *
You closely miss the bullfrog.
The bullfrog is almost dead.
The bullfrog closely misses you. You block the iguana's attack.
You block the bullfrog's attack.
You barely miss the bullfrog.
The bullfrog is almost dead.
You feel less exhausted. The iguana bites you!
* * * LOW HITPOINT WARNING * * *
You block the bullfrog's attack.
You closely miss the bullfrog.
The bullfrog is almost dead.
The bullfrog completely misses you. The iguana bites you!
You die...

# #. .###+######
..........
#.........
.##.###F........
.....(.@l.#
.##.#####.####
#.####....[#
............+
##.####..<..#
#.#.### #....
#....# #...(#


You could see a bullfrog and an iguana.

Vanquished Creatures
  Sigmund (D:4)
  2 electric eels (D:6)
  A howler monkey (D:7)
  An orc wizard (D:4)
  An orc priest (D:4)
  2 hounds (D:4)
  An adder (D:4)
  5 dart slugs
  A leopard gecko (D:1)
  4 orcs (D:4)
  A giant cockroach (D:2)
  A goblin (D:1)
  A hobgoblin (D:1)
  A kobold (D:2)
  A ball python skeleton (D:4)
  2 bats (D:1)
26 creatures vanquished.

Notes
Turn   | Place    | Note
-------+----------+-------------------------------------------
     0 | D:1      | glosham the Troll Berserker began the quest for the Orb.
     0 | D:1      | Reached XP level 1. HP: 22/22 MP: 0/0
    81 | D:1      | Reached XP level 2. HP: 29/29 MP: 1/1
   151 | D:2      | You fall through a shaft for 2 floors!
   169 | D:4      | Noticed Sigmund
   182 | D:4      | Reached skill level 4 in Unarmed Combat
   182 | D:4      | Reached XP level 3. HP: 36/36 MP: 2/2
   186 | D:4      | Reached XP level 4. HP: 44/44 MP: 3/3
   191 | D:4      | Killed Sigmund
   191 | D:4      | Reached skill level 6 in Unarmed Combat
   191 | D:4      | Reached XP level 5. HP: 50/50 MP: 4/4
   204 | D:4      | Reached XP level 6. HP: 30/59 MP: 5/5
   239 | D:4      | Reached skill level 7 in Unarmed Combat
   243 | D:5      | Entered Level 5 of the Dungeon
   267 | D:6      | Reached ** piety under Trog
   313 | D:7      | HP: 2/59 [iguana (9)]
   314 | D:7      | Mangled by an iguana

Skill      XL: |  1  2  3  4  5  6 |
---------------+-------------------+-----
Unarmed Combat | 4 6 7 |  7.6
Fighting       | |  2.4
Dodging        | |  2.4

Action                   |  1- 3 |  4- 6 || total
-------------------------+-------+-------++-------
Melee: Unarmed           |    26 |    47 ||    73
       Punch             |     1 |       ||     1
Invok: Berserk           |     1 |     1 ||     2
  Use: Scroll            |     4 |       ||     4
  Eat: Chunk             |       |     9 ||     9
Armor: Animal skin       |    15 |    22 ||    37
Dodge: Dodged            |    11 |    23 ||    34
Block: Shield            |     2 |    32 ||    34

Table legend:
 A = Turns spent in this place as a percentage of turns spent in the entire game.
 B = Non-inter-level travel turns spent in this place as a percentage of non-inter-level travel turns spent in the entire game.
 C = Inter-level travel turns spent in this place as a percentage of turns spent in this place.
 D = Turns resting spent in this place as a percentage of non-inter-level travel turns spent in this place.
 E = Turns spent auto-exploring this place as a percentage of non-inter-level travel turns spent in this place.
 F = Non-inter-level travel turns spent in this place divided by the number of levels of this place that you've seen.
                   A       B       C       D       E      F
               +-------+-------+-------+-------+-------+----------------------
         Total | 100.0 | 100.0 |   0.0 |   0.0 |   0.0 |  49.7
       Dungeon | 100.0 | 100.0 |   0.0 |   0.0 |   0.0 |  49.7
               +-------+-------+-------+-------+-------+----------------------

Table legend:
 A = Kills in this place as a percentage of kills in entire the game.
 B = Kills by you in this place as a percentage of kills by you in the entire game.
 C = Kills by friends in this place as a percentage of kills by friends in the entire game.
 D = Other kills in this place as a percentage of other kills in the entire game.
 E = Experience gained in this place as a percentage of experience gained in the entire game.
 F = Experience gained in this place divided by the number of levels of this place that you have seen.
                   A       B       C       D       E      F
               +-------+-------+-------+-------+-------+----------------------
         Total | 100.0 | 100.0 |  -nan |  -nan | 100.0 | 101.7
       Dungeon | 100.0 | 100.0 |  -nan |  -nan | 100.0 | 101.7
               +-------+-------+-------+-------+-------+----------------------

Vault maps used:
D:1:      lightli_arrival_chessboard, minmay_misc_feat_chi,
          kennysheep_pointless_box, minmay_shallow_snake_nest
D:2:      serial_curves, eino_curves_04, eino_curves_02,
          nicolae_tso_carved_into_rock
D:4:      kennysheep_slug_shrine, xom_teletrap_fun, uniq_sigmund
D:5:      first_bread, hangedman_feature_mirror, kennysheep_generic_room_15
D:6:      kennysheep_slugbush, hex_tiny
D:7:      kennysheep_orc_sif_temple, overflow_temple_1_default,
          vehumet_altar_wand_db, corexii_hall_statues_u,
          minmay_gold_behind_fungi, uniq_pikel
